AoeStats
← Jimbo990

Black Forest

512917682Analyzed
4v4 RM · 4d ago on Oct 11, 2026· 69m 29s· 8 players
Game mode
Random Map
Map size
Large (8 player)
Population
200
Speed
Normal
Resources
Standard
Victory
Conquest
Starting age
Dark Age
Ending age
Imperial Age
RankedLock teamsTeams togetherTeam positionsShared explorationLock speedFull tech treeHidden civsTurbo modeCheats
Victory
Defeat
🇨🇳 Goths · China
755
+10
🇺🇸 Inca · United States
724
+11
🇩🇪 Franks · Germany
700
+12
🇨🇳 Huns · China
416
+23
vs
🇮🇹 Celts · Italy
670
-17
🇬🇧 Chinese · United Kingdom
600
-14
🇫🇷 Burgundians · France
588
-13
🇪🇸 Magyars · Spain
542
-12
B3rtox
4:21 Wheelbarrow
14:22 Feudal Age
15:28 Hand Cart
16:25 Horse Collar
18:39 Heavy Plow
23:08 Castle Age
22:02 Double-Bit Axe
24:26 Crop Rotation
24:46 Treadmill Crane
32:24 Imperial Age
31:18 Burgundian Vineyards
34:06 Chemistry
33:29 Ballistics
33:05 Murder Holes
33:37 Conscription
37:03 Scale Barding Armor
37:09 Forging
36:50 Fletching
37:00 Padded Archer Armor
38:06 Gold Mining
38:07 Stone Mining
38:31 Bow Saw
44:21 Arrowslits
46:32 Two-Man Saw
47:04 Elite Skirmisher
47:18 Elite Coustillier
50:17 Chain Barding Armor
50:32 Iron Casting
49:53 Bodkin Arrow
50:13 Leather Archer Armor
52:47 Hoardings
57:48 Man-at-Arms
61:28 Fortified Wall
61:30 Masonry
65:17 Architecture
64:50 Bracer
65:26 Plate Barding Armor
64:42 Town Watch
Jimbo990
0:29 Loom
11:29 Feudal Age
12:40 Double-Bit Axe
16:45 Horse Collar
21:14 Castle Age
23:04 Gold Mining
23:27 Bow Saw
23:20 Heavy Plow
25:34 Town Watch
26:59 Murder Holes
27:15 Fortified Wall
30:33 Imperial Age
28:41 Wheelbarrow
29:28 Forging
31:47 Caravan
32:22 Elite Fire Lancer
32:27 Capped Ram
33:02 Fletching
33:13 Padded Archer Armor
33:13 Scale Mail Armor
33:49 Iron Casting
32:38 Pikeman
32:39 Man-at-Arms
34:41 Great Wall
37:23 Chain Mail Armor
37:38 Elite Chu Ko Nu
37:50 Sappers
38:41 Conscription
38:49 Heavy Scorpion
39:16 Siege Ram
41:15 Two-Man Saw
42:00 Chemistry
40:46 Arrowslits
50:08 Ballistics
50:09 Bombard Tower
52:35 Plate Mail Armor
58:27 Halberdier
62:02 Hand Cart
61:48 Town Patrol
Itsleviosa
14:56 Feudal Age
15:22 Double-Bit Axe
15:23 Horse Collar
16:23 Wheelbarrow
25:00 Castle Age
27:11 Hand Cart
29:02 Husbandry
29:12 Bloodlines
30:22 Scale Barding Armor
31:01 Fishing Lines
31:14 Gold Mining
31:17 Stone Mining
31:43 Bow Saw
31:35 Heavy Plow
32:34 Town Watch
32:34 Loom
33:17 Chain Barding Armor
33:18 Pikeman
38:22 Imperial Age
36:14 Scale Mail Armor
37:25 Caravan
39:02 Ballistics
38:25 Cavalier
40:00 Plate Barding Armor
40:07 Chain Mail Armor
39:17 Halberdier
39:45 Arson
40:39 Paladin
43:14 Crossbowman
44:00 Thumb Ring
43:48 Fletching
43:58 Padded Archer Armor
45:22 Bodkin Arrow
45:42 Leather Archer Armor
44:55 Arbalester
48:09 Chemistry
47:56 Elite Magyar Huszar
55:52 Parthian Tactics
57:17 Light Cavalry
andrea.arces2
0:59 Loom
14:31 Feudal Age
15:01 Double-Bit Axe
16:57 Fishing Lines
18:54 Wheelbarrow
18:55 Horse Collar
23:34 Castle Age
22:42 Gold Mining
24:01 Stone Mining
25:55 Heavy Plow
26:21 Gillnets
26:51 Bow Saw
30:22 Caravan
33:55 Imperial Age
32:30 Hand Cart
33:04 Forging
32:54 Scale Mail Armor
33:00 Scale Barding Armor
33:26 Man-at-Arms
33:52 Gambesons
33:28 Pikeman
33:53 Arson
35:10 Conscription
34:17 Capped Ram
37:05 Iron Casting
36:45 Chain Mail Armor
35:56 Long Swordsman
36:04 Heavy Scorpion
37:53 Gold Shaft Mining
37:30 Two-Handed Swordsman
39:13 Masonry
39:09 Siege Engineers
39:00 Murder Holes
40:15 Champion
42:27 Plate Mail Armor
48:35 Blast Furnace
Bwinthehouse
2:17 Loom
16:09 Feudal Age
20:31 Castle Age
19:04 Horse Collar
19:52 Double-Bit Axe
21:00 Stone Mining
21:02 Gold Mining
22:44 Bow Saw
23:28 Squires
23:40 Champi Runner
24:51 Heavy Plow
28:58 Wheelbarrow
28:10 Town Watch
29:52 Stone Shaft Mining
29:53 Gold Shaft Mining
30:46 Town Patrol
31:01 Hand Cart
32:39 Masonry
35:16 Imperial Age
33:07 Champi Warrior
33:53 Scale Mail Armor
34:04 Forging
36:38 Hoardings
37:37 Crop Rotation
37:29 Siege Engineers
38:12 Fortified Wall
39:11 Elite Champi Warrior
40:32 Iron Casting
44:11 Chain Mail Armor
44:56 Blast Furnace
44:33 Fabric Shields
57:24 Ballistics
58:05 Chemistry
56:50 Arrowslits
57:01 Murder Holes
63:36 Fletching
63:46 Padded Archer Armor
64:51 Thumb Ring
64:06 Elite Skirmisher
Artemis0880
0:30 Loom
14:26 Feudal Age
16:21 Town Watch
19:14 Castle Age
17:09 Double-Bit Axe
20:53 Bow Saw
21:06 Caravan
24:40 Wheelbarrow
25:35 Fletching
26:03 Fervor
27:35 Hand Cart
27:40 Bodkin Arrow
29:54 Town Patrol
29:48 Gold Mining
31:05 Stone Mining
31:25 Husbandry
35:28 Imperial Age
33:50 Masonry
33:38 Murder Holes
33:23 Treadmill Crane
34:04 Ballistics
35:54 Cavalier
37:06 Scale Mail Armor
37:16 Forging
37:14 Scale Barding Armor
38:01 Onager
38:11 Paladin
39:40 Architecture
39:18 Squires
39:03 Arson
40:00 Hoardings
40:34 Chivalry
47:27 Pikeman
48:40 Chain Barding Armor
48:35 Chain Mail Armor
48:56 Iron Casting
50:11 Halberdier
52:18 Elite Throwing Axeman
52:19 Ordonnance Companies
59:13 Herbal Medicine
60:23 Elite Skirmisher
gysrj777098
3:47 Loom
12:30 Feudal Age
13:47 Town Watch
15:24 Horse Collar
17:18 Wheelbarrow
26:42 Double-Bit Axe
30:41 Castle Age
29:00 Gold Mining
29:00 Stone Mining
29:15 Man-at-Arms
29:41 Arson
30:15 Bloodlines
30:09 Padded Archer Armor
29:59 Fletching
30:10 Scale Mail Armor
30:16 Scale Barding Armor
30:22 Forging
32:25 Hand Cart
32:11 Town Patrol
32:25 Husbandry
32:57 Light Cavalry
33:46 Thumb Ring
33:03 Elite Skirmisher
33:41 Crossbowman
36:05 Caravan
36:36 Coinage
37:13 Leather Archer Armor
36:54 Bodkin Arrow
47:15 Imperial Age
47:54 Gold Shaft Mining
52:32 Elite Tarkan
56:08 Marauders
67:20 Capped Ram
68:04 Squires
真我,无我
0:44 Loom
14:07 Feudal Age
14:34 Horse Collar
14:45 Double-Bit Axe
19:00 Gold Mining
19:00 Stone Mining
19:07 Stone Mining
19:24 Fishing Lines
22:18 Castle Age
23:54 Wheelbarrow
23:07 Town Watch
24:11 Bow Saw
23:58 Gillnets
26:41 Hand Cart
28:21 Heavy Plow
33:01 Imperial Age
32:19 Anarchy
32:25 Town Patrol
33:33 Pikeman
34:13 Squires
34:32 Forging
34:22 Scale Mail Armor
35:05 Stone Shaft Mining
36:39 Elite Huskarl
37:40 Conscription
37:22 Perfusion
38:05 Iron Casting
37:46 Chain Mail Armor
37:13 Halberdier
37:18 Man-at-Arms
40:18 Blast Furnace
39:28 Long Swordsman
42:08 Two-Handed Swordsman
42:56 Champion
Connection lost

Rejoining the realm…

Still unreachable

The connection could not be restored.

Session expired

The server has moved on; the page needs a fresh start.